 Dungeon Crawl Stone Soup version 0.27.0-1-g7a089689b8 (webtiles) character file.

Game seed: 15579819582753247974

718 Ekaitz the Chiller (level 7, -3/51 HPs)
             Began as a Merfolk Ice Elementalist on Aug 6, 2021.
             Was a Follower of Ashenzari.
             Slain by a troll (10 damage)
             ... on level 5 of the Dungeon.
             The game lasted 00:13:08 (4838 turns).

Ekaitz the Chiller (Merfolk Ice Elementalist)       Turns: 4838, Time: 00:13:08

Health: -3/51      AC:  2    Str:  8    XL:     7   Next: 70%
Magic:  0/12       EV: 14    Int: 16    God:    Ashenzari [*.....]
Gold:   189        SH:  0    Dex: 15    Spells: 4/13 levels left

rFire    . . .     SeeInvis .   m - +0 spear
rCold    . . .     Faith    .   (no shield)
rNeg     . . .     Spirit   .   a - +0 robe of Supernal Wisdom {Elem, Fort} (curse)
rPois    .         Reflect  .   (no helmet)
rElec    .         Harm     .   (no cloak)
rCorr    .         Rampage  .   (no gloves)
Will     .....                  (no boots)
Stlth    +++.......             (no amulet)
HPRegen  0.17/turn              o - ring "Lashed Vexation" {Slay+4, Cun, Alch} (curse)
MPRegen  0.13/turn              (no ring)

@: freezing walls
A: (nimble swimmer 2), mertail
a: Renounce Religion, Shatter the Chains


You were on level 5 of the Dungeon.
You worshipped Ashenzari.
Ashenzari was aware of your devotion.
You visited 1 branch of the dungeon, and saw 5 of its levels.

You collected 189 gold pieces.

Inventory:

Hand Weapons
 b - a +0 dagger
 m - a +0 spear (weapon)
Missiles
 k - 4 curare-tipped darts
 n - 3 boomerangs
 r - 15 poisoned darts
Armour
 a - the cursed +0 robe of Supernal Wisdom (worn) {Elem, Fort}

   It has a curse which improves the following skills: Elements: Fire Magic, Ice
   Magic, Air Magic and Earth Magic.
   Fortitude: Armour and Shields.
Jewellery
 o - the cursed ring "Lashed Vexation" (left hand) {Slay+4, Cun, Alch}
   (You took it off a hobgoblin on level 4 of the Dungeon)

   [ring of slaying]

   Slay:      It affects your accuracy & damage with ranged weapons and melee
   (+4).
   It has a curse which improves the following skills: Cunning: Dodging and
   Stealth.
   Alchemy:   Poison Magic and Transmutations.
Scrolls
 e - 2 scrolls of identify
 g - 2 scrolls of amnesia
 h - 2 scrolls of fear
 j - a scroll of immolation
 p - 2 scrolls of teleportation
Potions
 c - a potion of berserk rage
 d - a potion of haste
 f - a potion of heal wounds
 i - 2 potions of might
 l - a potion of lignification
 q - 2 potions of curing


   Skills:
 * Level 2.7 Fighting
 + Level 0.6 Short Blades
 + Level 2.2 Polearms
 * Level 4.7(5.7) Dodging
 + Level 3.0(3.9) Stealth
 + Level 3.9 Spellcasting
 * Level 2.9 Summonings
 * Level 6.4(7.4) Ice Magic


You had 4 spell levels left.
You knew the following spells:

 Your Spells              Type           Power      Damage    Failure   Level
a - Freeze                Ice            100%       1d11      1%          1
b - Call Imp              Summ           12%        N/A       8%          2
c - Frozen Ramparts       Ice            54%        1d7       2%          3
d - Ozocubu's Armour      Ice            27%        N/A       2%          3

Your spell library contained the following spells:

 Spells                   Type           Power      Damage    Failure   Level
 Summon Small Mammal      Summ           48%        N/A       4%          1
 Animate Skeleton         Necr           6%         N/A       17%         1
 Apportation              Tloc           6%         N/A       17%         1
 Corona                   Hex            3%         N/A       17%         1
 Magic Dart               Conj           12%        1d3       17%         1
 Sublimation of Blood     Necr           1%         N/A       26%         2
 Hailstorm                Conj/Ice       15%        3d5       36%         4
 Gell's Gravitas          Tloc           1%         N/A       45%         3
 Mephitic Cloud           Conj/Pois/Air  3%         N/A       45%         3
 Teleport Other           Tloc           3%         N/A       45%         3
 Petrify                  Tmut/Erth      3%         N/A       86%         4
 Metabolic Englaciation   Hex/Ice        7%         N/A       71%         5
 Irradiate                Conj/Tmut      1%         3d13      99%         5
 Simulacrum               Ice/Necr       7%         N/A       99%         6
 Dispersal                Tloc           1%         N/A       100%        6


Dungeon Overview and Level Annotations

Branches:
Dungeon (5/15)
 Temple: D:4-7

Altars:
Ashenzari
The Shining One


Innate Abilities, Weirdness & Mutations

((You are quick and stealthy near water. (Stealth+, EV+, Speed+++)))
Your lower body shifts to a powerful aquatic tail in water.


Message History

The troll is severely wounded.
The frozen ramparts melt away.
The troll bites you! The troll barely misses you.
The troll claws you but does no damage.
Unknown command.
You hit the troll.
The troll is severely wounded.
The troll closely misses you. The troll claws you. x2
Unknown command.
Your icy armour will break if you move.
Continue?
You swap places.
Your icy armour cracks and falls away as you move.
The troll closely misses your white imp.
The troll claws your white imp but does no damage.
The troll claws your white imp!
Your white imp dies!
Casting: Ozocubu's Armour (dangerous; 2% risk of failure)
Confirm with . or Enter, or press ? or * to list all spells.
Casting: Frozen Ramparts (dangerous; 2% risk of failure)
Press: ? - help, Dir - look around, f - activate The walls around you are covered in ice.
The wall freezes the troll.
Unknown command.
Okay, then.
You barely miss the troll.
The troll is heavily wounded.
The wall freezes the troll.
The troll bites you!
* * * LOW HITPOINT WARNING * * *
The troll claws you.
* * * LOW HITPOINT WARNING * * *
The troll barely misses you.
You barely miss the troll.
The troll is severely wounded.
The wall freezes the troll.
The troll barely misses you. x2
The troll closely misses you.
Unknown command.
You hit the troll.
The troll is almost dead.
The wall freezes the troll.
The troll barely misses you. x2
The troll claws you!
You die...

#.......#
#.#.......##.#
#.......#
#.#.###.####.#
#########
#.#.# #.# #.#
#.#.# #.# #.#
#.#.#
#.####.##
#.#.#
#.......#
#.#.#
#########
#T#.# #.@.#
#####


You could see a troll.

Vanquished Creatures
  A phantom (D:5)
  2 hounds (D:4)
  An orc priest (D:3)
  3 iguanas (D:5)
  An orc wizard (D:4)
  A howler monkey zombie (D:5)
  8 adders
  3 dart slugs
  9 orcs
  5 ball pythons
  3 bats
  An endoplasm (D:4)
  5 giant cockroaches
  4 goblins
  8 hobgoblins
  12 jackals
  3 quokkas
  7 kobolds
  6 rats
83 creatures vanquished.

Vanquished Creatures (collateral kills)
  An ogre (D:5)
  A phantom (D:4)
  A water moccasin skeleton (D:4)
  A howler monkey (D:5)
  A bullfrog skeleton (D:5)
  An orc wizard (D:4)
  A howler monkey zombie (D:5)
  An adder (D:2)
  2 kobolds (D:2)
  A goblin (D:4)
11 creatures vanquished.

Grand Total: 94 creatures vanquished

Notes
Turn   | Place    | Note
-------+----------+-------------------------------------------
     0 | D:1      | Ekaitz the Merfolk Ice Elementalist began the quest for the
                  | Orb.
     0 | D:1      | Reached XP level 1. HP: 13/13 MP: 3/3
   225 | D:1      | Reached XP level 2. HP: 19/19 MP: 1/5
   228 | D:1      | Learned a level 2 spell: Call Imp
   818 | D:1      | Found a faded altar of an unknown god.
   828 | D:1      | Became a worshipper of Ashenzari the Shackled
   932 | D:1      | Reached XP level 3. HP: 25/25 MP: 3/6
   939 | D:1      | Learned a level 3 spell: Frozen Ramparts
  1621 | D:2      | Reached skill level 5 in Ice Magic
  1686 | D:2      | Reached XP level 4. HP: 30/31 MP: 4/7
  2328 | D:3      | Reached skill level 1 in Summonings
  2435 | D:3      | Found a glowing golden altar of the Shining One.
  2486 | D:3      | Reached skill level 1 in Fighting
  2694 | D:3      | Reached XP level 5. HP: 37/37 MP: 9/9
  3065 | D:4      | Reached XP level 6. HP: 41/43 MP: 2/10
  3186 | D:4      | Reached skill level 6 in Ice Magic
  3876 | D:5      | Entered Level 5 of the Dungeon
  3911 | D:5      | Reached skill level 1 in Polearms
  3911 | D:5      | Reached XP level 7. HP: 34/51 MP: 12/12
  4250 | D:5      | Learned a level 3 spell: Ozocubu's Armour
  4713 | D:5      | Reached * piety under Ashenzari
  4727 | D:5      | Noticed a troll
  4838 | D:5      | Slain by a troll

Illustrated notes

Levels and vault maps discovered:
D:1:      lightli_iron_boxes, layout_basic, basic_ecumenical_altar
D:2:      layout_basic, kennysheep_generic_room_13
D:3:      layout_basic, lemuel_coloured_pillars_altar, hangedman_decor_slide_cut
D:4:      layout_rooms
D:5:      layout_basic, minmay_misc_feat_nine_boxes, guppyfry_early_lair_pool

Skill      XL: |  1  2  3  4  5  6  7 |
---------------+----------------------+-----
Dodging        | 3 4 |  4.7
Ice Magic      | 5 6 |  6.4
Summonings     | 1 2 |  2.9
Fighting       | 1 2 |  2.7
Spellcasting   | 3 |  3.9
Polearms       | 1 2 |  2.2
Stealth        | 3 |  3.0
Short Blades   | |  0.6

Action                   |  1- 3 |  4- 6 |  7- 9 || total
-------------------------+-------+-------+-------++-------
Melee: Dagger            |    19 |    28 |       ||    47
       Unarmed           |     1 |       |       ||     1
       Spear             |       |    67 |    42 ||   109
       Tailslap          |       |       |     1 ||     1
 Cast: Freeze            |    37 |    17 |     3 ||    57
       Frozen Ramparts   |     2 |    11 |     6 ||    19
       Call Imp          |     1 |     9 |     9 ||    19
       Ozocubu's Armour  |       |       |     4 ||     4
Invok: Curse Item        |     1 |       |     1 ||     2
 Stab: Sleeping          |     2 |     5 |       ||     7
       Distracted        |       |       |     1 ||     1
Armor: Robe              |     6 |    15 |     6 ||    27
Dodge: Dodged            |    30 |    76 |    26 ||   132
